 Dungeon Crawl Stone Soup version 0.28-a0-245-g639a1a48b9 (webtiles) character file.

Game seed: 3727751094376154735

25 theanonym the Vexing (level 2, -1/21 HPs)
             Began as a Mummy Enchanter on Aug 24, 2021.
             Slain by a gnoll (8 damage)
             ... on level 1 of the Dungeon.
             The game lasted 00:02:25 (2076 turns).

theanonym the Vexing (Mummy Enchanter)              Turns: 2076, Time: 00:02:26

Health: -1/21      AC:  3    Str: 11    XL:     2   Next: 86%
Magic:  5/5        EV: 12    Int: 14    God:
Gold:   30         SH:  0    Dex: 12    Spells: 6/6 levels left

rFire   x . .      SeeInvis .   a - +1 dagger
rCold   + . .      Faith    .   (no shield)
rNeg    + + +      Spirit   .   b - +0 robe
rPois   ∞          Reflect  .   (no helmet)
rElec   .          Harm     .   (no cloak)
rCorr   .          Rampage  .   d - +0 pair of gloves
Will    .....                   (no boots)
Stlth   ++........              (no amulet)
HPRegen 0.07/turn               (no ring)
MPRegen 0.09/turn               (no ring)

@: no status effects
A: cold resistance 1, negative energy resistance 3, torment resistance 2, heat
vulnerability 1, no potions
a: no special abilities


Innate Abilities, Weirdness & Mutations

You are immune to poison.
Your flesh is cold resistant. (rC+)
You are immune to negative energy. (rN+++)
You are immune to unholy pain and torment.
You are vulnerable to heat. (rF-)
You do not drink.


   Skills:
 + Level 1.2 Fighting
 * Level 2.0 Short Blades
 - Level 1.5 Dodging
 - Level 2.4 Stealth
 - Level 2.6 Spellcasting
 - Level 2.6 Hexes


You had 6 spell levels left.
You didn't know any spells.
Your spell library contained the following spells:

 Spells                   Type           Power      Damage    Failure   Level
 Ensorcelled Hibernation  Hex/Ice        10%        N/A       19%         2
 Confusing Touch          Hex            9%         N/A       22%         3
 Tukima's Dance           Hex            9%         N/A       22%         3
 Dazzling Flash           Conj/Hex       10%        N/A       36%         3

Skill      XL: |  1  2 |
---------------+-------+-----
Short Blades   | 1 2 |  2.0
Fighting       | 1 |  1.2
Dodging        | |  1.5
Stealth        | |  2.4
Spellcasting   | |  2.6
Hexes          | |  2.6

Action                   || total
-------------------------++-------
Melee: Dagger            ||   114
 Stab: Sleeping          ||     6
Armor: Robe              ||    18
Dodge: Dodged            ||    63

Inventory:

Hand Weapons
 a - a +1 dagger (weapon)
Armour
 b - a +0 robe (worn)
 d - a +0 pair of gloves (worn)
Scrolls
 c - a scroll of magic mapping {unknown}


You were on level 1 of the Dungeon.
You visited 1 branch of the dungeon, and saw 2 of its levels.

You collected 30 gold pieces.

Dungeon Overview and Level Annotations

Branches:
Dungeon (2/15)

Altars:

Shops:
D:1

* #...........≈.≈≈≈≈≈≈#
#.##.##.# #....^##.....≈≈≈≈≈≈##
####.##.# #........≈≈≈≈≈≈≈≈###
#.##.##.# #.....#..≈≈≈≈≈≈≈###
#.##.##.#
#####.##..P≈≈≈≈≈≈...##
#.##.....
..........≈P≈≈≈≈.....#
#.##..###
..........≈P≈≈≈.≈....# ##.##..#
.......≈.≈P≈≈≈≈≈..######..##..#
........≈≈≈≈≈P..@#............#
........≈≈≈≈≈≈≈.g#.#####..###.#
.......≈≈≈≈≈≈.≈.>#.# #..# #.#
..###..≈≈≈≈≈≈≈.....# #..# #.#
..# #...≈≈≈≈≈≈.....# #..# #.#
### #.≈≈P≈≈≈≈≈.....# #..# #.#
#####.≈≈≈≈≈≈≈......# #..# #.#
....#.P≈≈≈≈≈≈......# #..###.###
....'..≈≈≈≈≈≈.####.# #.......#.


You could see a gnoll.

Notes
Turn   | Place    | Note
-------+----------+-------------------------------------------
     0 | D:1      | theanonym the Mummy Enchanter began the quest for the Orb.
     0 | D:1      | Reached XP level 1. HP: 13/13 MP: 4/4
    43 | D:1      | Reached skill level 1 in Short Blades
   270 | D:1      | HP: 7/14 [hobgoblin (1)]
   273 | D:1      | HP: 2/14 [hobgoblin (3)]
   623 | D:1      | Reached XP level 2. HP: 15/20 MP: 5/5
   940 | D:1      | Found Xizauv's Assorted Antiques.
  1005 | D:1      | Reached skill level 1 in Fighting
  1480 | D:1      | Reached skill level 2 in Short Blades
  1975 | D:1      | HP: 2/21 [gnoll (11)]
  2074 | D:1      | HP: 7/21 [gnoll (2)]
  2076 | D:1      | Slain by a gnoll

Vanquished Creatures
  A ball python (D:1)
  2 endoplasms (D:1)
  A giant cockroach (D:1)
  3 goblins (D:1)
  A hobgoblin (D:1)
  5 bats (D:1)
  3 frilled lizards (D:1)
  3 kobolds (D:1)
  6 rats (D:1)
25 creatures vanquished.

Table legend: (Time is in decaauts)
 A = Elapsed time spent in this place.
 B = Non-inter-level travel time spent in this place.
 C = Inter-level travel time spent in this place.
 D = Time resting spent in this place.
 E = Time spent auto-exploring this place.
 F = Levels seen in this place.
 G = Mean time per level.
                   A        B        C        D        E       F      G
               +--------+--------+--------+--------+--------+-----+--------+
         Total |   2077 |   2041 |     36 |    421 |   1292 |   2 | 1038.5 |
       Dungeon |   2077 |   2041 |     36 |    421 |   1292 |   2 | 1038.5 |
               +--------+--------+--------+--------+--------+-----+--------+

Top non-repeatable levels by time:
     D:1: 2059 daAuts
     D:2: 17 daAuts
